Scraper vs Staline
Created - 5 octobre 2014 at 21:46
Goals
|
Scraper |
0 |
1 |
1 |
2 |
Staline |
3 |
2 |
1 |
6 |
|
Shots
|
Scraper |
10 |
6 |
12 |
28 |
Staline |
14 |
21 |
6 |
41 |
|
1st period
1. Staline , Devin Setoguchi 5 (Brandon Prust, James Sheppard) at 5:15
2. Staline , Theo Peckham 1 (Nick Spaling, Stu Bickel) at 6:30
3. Staline , T.J. Fast 1 (Yan Stastny, Brandon Prust) at 7:09 (PP)
Penalties :
Martin Hanzal (Out) for Roughing (Minor) at 6:53, Cam Janssen (StJ) for Fighting (Major) at 7:12, Brendan Smith (Out) for Fighting (Major) at 7:12, Stu Bickel (StJ) for Fighting (Major) at 12:45, Joe Finley (Out) for Fighting (Major) at 12:45, Martin Hanzal (Out) for High sticking (Minor) at 17:54
2nd period
4. Scraper , Eric Godard 3 (Brendan Smith, Martin Hanzal) at 1:11
5. Staline , Devin Setoguchi 6 (Yan Stastny, Brandon Prust) at 2:58
6. Staline , Andrei Loktionov 5 (T.J. Fast) at 16:26 (PP)
Penalties :
Roman Cervenka (Out) for Tripping (Minor) at 4:05, Eric Godard (Out) for Holding (Minor) at 10:55, Martin Hanzal (Out) for High sticking (Minor) at 15:53, Martin Hanzal (Out) for Cross-checking (Minor) at 19:03
3rd period
7. Staline , T.J. Fast 2 (Devin Setoguchi, Yan Stastny) at 0:08 (PP)
8. Scraper , Martin Hanzal 3 (Evander Kane, Denis Shvidki) at 4:32 (PP)
Penalties :
Devin Setoguchi (StJ) for Tripping (Minor) at 0:46, Nick Spaling (StJ) for Hooking (Minor) at 4:00, Yan Stastny (StJ) for Holding (Minor) at 4:18, Valeri Bure (Out) for Holding Stick (Minor) at 8:59
Goalie Stats
Maxime Ouellet (Out), 22 saves from 24 shots - (0,917), 37:02 minutes
Peter Mannino (Out), 13 saves from 17 shots - (0,765), L, 2-2-0, 22:58 minutes
Tobias Stephan (StJ), 26 saves from 28 shots - (0,929), W, 5-0-0, 60:00 minutes
Players Stats for Scraper
Player Name G A P +/- PIM S H SB GA TA FO MP PP MP PK MP
------------------------------------------------------------------------------------
Ben Eager 0 0 0 -2 0 1 2 0 0 0 2/2 15:27 0:00 1:03
Brendan Smith 0 1 1 0 5 0 2 1 0 3 0/0 22:33 2:50 2:52
Daniel Winnik 0 0 0 0 0 1 0 0 0 0 0/0 5:02 1:33 0:00
Denis Shvidki 0 1 1 -1 0 2 3 1 0 1 0/3 20:18 2:43 0:00
Derek Joslin 0 0 0 -1 0 2 1 3 0 0 1/1 24:40 2:50 6:24
Eric Godard 1 0 1 1 2 9 0 0 1 1 3/5 16:23 0:00 3:18
Eric Gryba 0 0 0 0 0 0 0 0 0 0 0/0 3:32 0:00 0:00
Eric Knodel 0 0 0 0 0 0 0 0 0 0 0/0 0:00 0:00 0:00
Evander Kane 0 1 1 -1 0 0 1 0 0 0 1/5 18:33 2:43 0:16
Ilkka Heikkinen 0 0 0 -1 0 2 1 0 1 0 0/0 19:04 1:26 6:58
Jared Cowen 0 0 0 0 0 1 1 2 0 4 0/0 27:03 0:00 6:58
Joe Finley 0 0 0 -1 5 1 0 0 0 0 0/0 9:43 0:00 0:11
Marcus Foligno 0 0 0 1 0 1 2 0 0 0 0/0 12:13 0:00 0:00
Martin Hanzal 1 1 2 -1 8 8 2 1 0 1 17/29 22:37 2:43 3:31
Nick Leddy 0 0 0 -1 0 0 0 3 1 3 0/0 20:34 1:26 2:41
Roman Cervenka 0 0 0 -2 2 0 1 0 0 0 4/10 16:49 1:33 0:28
Roman Horak 0 0 0 1 0 0 2 0 0 0 4/9 17:53 0:00 3:15
Valeri Bure 0 0 0 -2 2 0 3 1 0 0 1/1 17:36 1:33 1:25
Players Stats for Staline
Player Name G A P +/- PIM S H SB GA TA FO MP PP MP PK MP
------------------------------------------------------------------------------------
Aaron Ness 0 0 0 1 0 0 0 0 0 0 0/0 6:18 0:00 0:00
Andrei Loktionov 1 0 1 0 0 3 0 0 4 0 8/16 16:47 4:47 0:00
Brandon Prust 0 3 3 2 0 5 1 1 1 0 1/1 22:11 4:49 1:19
Cam Janssen 0 0 0 0 5 2 0 0 1 0 0/1 14:57 4:47 0:00
Cody Franson 0 0 0 1 0 3 3 0 0 0 0/0 27:33 7:01 3:00
Danny Kristo 0 0 0 0 0 0 0 0 0 0 0/0 0:15 0:14 0:00
David Kolomatis 0 0 0 1 0 0 0 0 0 0 0/0 7:01 0:00 0:00
Devin Setoguchi 2 1 3 2 2 7 2 0 0 0 2/7 22:33 4:49 1:42
Greg Pateryn 0 0 0 0 0 0 0 0 0 0 0/0 0:00 0:00 0:00
J.T. Wyman 0 0 0 0 0 0 0 0 0 0 0/0 7:52 0:14 0:00
James Sheppard 0 1 1 0 0 1 0 0 0 0 0/0 7:10 0:00 0:00
Jamie McGinn 0 0 0 0 0 0 0 0 0 0 0/0 0:00 0:00 0:00
Jared Boll 0 0 0 0 0 0 1 0 2 0 0/0 11:48 0:14 0:00
Mason Raymond 0 0 0 0 0 0 3 3 2 0 1/1 17:22 4:47 0:20
Nick Spaling 0 1 1 0 2 2 1 0 0 0 2/2 12:44 0:00 2:06
Peter Holland 0 0 0 0 0 1 2 0 0 0 0/1 8:32 0:00 1:07
Stu Bickel 0 1 1 0 5 1 0 0 0 0 0/0 14:52 2:49 1:16
T.J. Fast 2 1 3 1 0 4 0 1 1 1 0/0 27:33 7:01 3:00
Theo Peckham 1 0 1 0 0 4 0 1 1 1 0/0 17:03 2:49 1:16
Torey Krug 0 0 0 0 0 0 1 0 0 0 0/0 9:06 0:00 0:00
Tyler Cuma 0 0 0 0 0 0 0 0 0 1 0/0 10:33 0:00 0:00
Yan Stastny 0 3 3 2 2 8 3 0 1 0 17/31 22:39 4:49 1:40
Zac Rinaldo 0 0 0 0 0 0 1 0 0 0 1/5 10:36 0:00 0:03
3 Stars
1 - Devin Setoguchi (StJ)
2 - T.J. Fast (StJ)
3 - Brandon Prust (StJ)
Power Play
Scraper - 1 on 3 Attempt(s) - 33,33%
Staline - 3 on 8 Attempt(s) - 37,50%
Penalty Kill
Scraper - 5 on 8 Attempt(s) - 62,50%
- Score 0 goal in Penalty Kill
Staline - 2 on 3 Attempt(s) - 66,67%
- Score 0 goal in Penalty Kill
Official
Referees : VanMassenhoven Don and Devorski Paul
Linesman : Greg Devorski and Jonny Murray
Game Notes
Cam Janssen and Brendan Smith fight to a draw at 7:12 of 1st period
Joe Finley beats up Stu Bickel at 12:45 of 1st period
13:20 of 1st period - Penalty Shot by Ben Eager for Scraper - Shot Misses the Net
Maxime Ouellet enters game at 2:58 of 2nd period
Finance
Level 1 -- Attendance: 1443 (72,15%) -- Ticket Income 50 505 $
Level 2 -- Attendance: 746 (74,60%) -- Ticket Income 11 190 $
Total Attendance: 2189 (72,97%)
Total Ticket Income: 61 695 $
Other Income: 3 085 $
Total Income: 64 780 $
Scraper
5 vs 5 Forward
Center Left Wing Right Wing Time % Phy DF OF
1 Martin Hanzal Evander Kane Denis Shvidki 40 1 2 2
2 Roman Cervenka Ben Eager Valeri Bure 30 1 2 2
3 Roman Horak Marcus Foligno Eric Godard 25 1 2 2
4 Roman Horak Daniel Winnik Denis Shvidki 5 1 2 2
5 vs 5 Defense
Defense Defense Time % Phy DF OF
1 Brendan Smith Jared Cowen 40 1 2 2
2 Derek Joslin Nick Leddy 35 1 2 2
3 Joe Finley Ilkka Heikkinen 15 1 2 2
4 Brendan Smith Jared Cowen 10 1 2 2
PowerPlay Forward
Center Left Wing Right Wing Time % Phy DF OF
1 Martin Hanzal Evander Kane Denis Shvidki 60 1 2 2
2 Roman Cervenka Daniel Winnik Valeri Bure 40 1 2 2
PowerPlay Defense
Defense Defense Time % Phy DF OF
1 Derek Joslin Brendan Smith 60 1 2 2
2 Nick Leddy Ilkka Heikkinen 40 1 2 2
Penalty Kill 4 Players Forward
Center Wing Time % Phy DF OF
1 Martin Hanzal Derek Joslin 60 1 2 2
2 Roman Horak Valeri Bure 40 1 2 2
Penalty Kill 4 Players Defense
Defense Defense Time % Phy DF OF
1 Ilkka Heikkinen Jared Cowen 60 1 2 2
2 Nick Leddy Brendan Smith 40 1 2 2
Penalty Kill - 3 Players Forward
Forward Time % Phy DF OF
1 Roman Horak 60 1 2 2
2 Martin Hanzal 40 1 2 2
Penalty Kill - 3 Players Defense
Defense Defense Time % Phy DF OF
1 Derek Joslin Jared Cowen 60 1 2 2
2 Nick Leddy Brendan Smith 40 1 2 2
4 vs 4 Forward
Center Wing Time % Phy DF OF
1 Martin Hanzal Denis Shvidki 60 1 2 2
2 Roman Cervenka Valeri Bure 40 1 2 2
4 vs 4 Defense
Defense Defense Time % Phy DF OF
1 Brendan Smith Jared Cowen 60 1 2 2
2 Derek Joslin Ilkka Heikkinen 40 1 2 2
Last Minutes Offensive
Center Left Wing Right Wing Defense Defense
Martin Hanzal Evander Kane Denis Shvidki Derek Joslin Brendan Smith
Last Minutes Defensive
Center Left Wing Right Wing Defense Defense
Martin Hanzal Ben Eager Denis Shvidki Jared Cowen Brendan Smith
Goaltenders
Starting : Peter Mannino
Backup : Maxime Ouellet
Extra Forwards
Normal : Evander Kane, Roman Cervenka, Eric Godard - PP : Evander Kane, Roman Cervenka - PK : Eric Godard
Extra Defensemen
Normal : Eric Gryba, Jared Cowen, Nick Leddy - PP : Eric Gryba - PK : Jared Cowen, Nick Leddy
Penalty Shots
Denis Shvidki, Martin Hanzal, Evander Kane, Valeri Bure, Ben Eager
Staline
5 vs 5 Forward
Center Left Wing Right Wing Time % Phy DF OF
1 Yan Stastny Brandon Prust Devin Setoguchi 40 1 2 2
2 Andrei Loktionov Mason Raymond Cam Janssen 30 1 2 2
3 Zac Rinaldo Nick Spaling Jared Boll 20 1 2 2
4 Peter Holland James Sheppard J.T. Wyman 10 1 2 2
5 vs 5 Defense
Defense Defense Time % Phy DF OF
1 Cody Franson T.J. Fast 40 1 2 2
2 Stu Bickel Theo Peckham 30 1 2 2
3 Tyler Cuma Torey Krug 20 1 2 2
4 David Kolomatis Aaron Ness 10 1 2 2
PowerPlay Forward
Center Left Wing Right Wing Time % Phy DF OF
1 Yan Stastny Brandon Prust Devin Setoguchi 60 1 2 2
2 Andrei Loktionov Mason Raymond Cam Janssen 40 1 2 2
PowerPlay Defense
Defense Defense Time % Phy DF OF
1 Cody Franson T.J. Fast 60 1 2 2
2 Stu Bickel Theo Peckham 40 1 2 2
Penalty Kill 4 Players Forward
Center Wing Time % Phy DF OF
1 Devin Setoguchi Yan Stastny 60 1 2 2
2 Brandon Prust Cam Janssen 40 1 2 2
Penalty Kill 4 Players Defense
Defense Defense Time % Phy DF OF
1 Cody Franson T.J. Fast 60 1 2 2
2 Stu Bickel Theo Peckham 40 1 2 2
Penalty Kill - 3 Players Forward
Forward Time % Phy DF OF
1 Devin Setoguchi 60 1 2 2
2 Yan Stastny 40 1 2 2
Penalty Kill - 3 Players Defense
Defense Defense Time % Phy DF OF
1 Cody Franson T.J. Fast 60 1 2 2
2 Stu Bickel Theo Peckham 40 1 2 2
4 vs 4 Forward
Center Wing Time % Phy DF OF
1 Devin Setoguchi Yan Stastny 60 1 2 2
2 Brandon Prust Cam Janssen 40 1 2 2
4 vs 4 Defense
Defense Defense Time % Phy DF OF
1 Cody Franson T.J. Fast 60 1 2 2
2 Stu Bickel Theo Peckham 40 1 2 2
Last Minutes Offensive
Center Left Wing Right Wing Defense Defense
Yan Stastny Brandon Prust Devin Setoguchi Cody Franson T.J. Fast
Last Minutes Defensive
Center Left Wing Right Wing Defense Defense
Yan Stastny Brandon Prust Devin Setoguchi Cody Franson T.J. Fast
Goaltenders
Starting : Tobias Stephan
Backup : Martin Houle
Extra Forwards
Normal : Jared Boll, J.T. Wyman, Nick Spaling - PP : Jared Boll, J.T. Wyman - PK : Nick Spaling
Extra Defensemen
Normal : Tyler Cuma, Torey Krug, David Kolomatis - PP : Tyler Cuma - PK : Torey Krug, David Kolomatis
Penalty Shots
Devin Setoguchi, Yan Stastny, Brandon Prust, Cam Janssen, Andrei Loktionov
% Time on Ice - Scraper
Lines # - Real PCT - Wanted PCT - Time Play
Normal Forward
1 - 34% - 40% - 15:42
2 - 32% - 30% - 14:30
3 - 27% - 25% - 12:13
4 - 8% - 5% - 3:29
Normal Defense
1 - 40% - 40% - 18:34
2 - 34% - 35% - 15:32
3 - 22% - 15% - 10:17
4 - 3% - 10% - 1:31
PP Forward
1 - 64% - 60% - 2:43
2 - 36% - 40% - 1:33
PP Defense
1 - 66% - 60% - 2:50
2 - 34% - 40% - 1:26
PK Forward
1 - 78% - 60% - 7:43
2 - 22% - 40% - 2:07
PK Defense
1 - 73% - 60% - 7:09
2 - 27% - 40% - 2:41
PK3 Forward
1 - 0% - 60%
2 - 0% - 40%
PK3 Defense
1 - 0% - 60%
2 - 0% - 40%
44 Forward
1 - 0% - 60%
2 - 0% - 40%
44 Defense
1 - 0% - 60%
2 - 0% - 40%
Last Minute Offensive - 0:00
Last Minute Defensive - 0:00
Total
Forward - 60:00
Defense - 60:00
|
% Time on Ice - Staline
Lines # - Real PCT - Wanted PCT - Time Play
Normal Forward
1 - 36% - 40% - 16:19
2 - 26% - 30% - 12:00
3 - 23% - 20% - 10:25
4 - 16% - 10% - 7:10
Normal Defense
1 - 38% - 40% - 17:32
2 - 28% - 30% - 12:58
3 - 20% - 20% - 9:06
4 - 14% - 10% - 6:18
PP Forward
1 - 51% - 60% - 5:03
2 - 49% - 40% - 4:47
PP Defense
1 - 71% - 60% - 7:01
2 - 29% - 40% - 2:49
PK Forward
1 - 100% - 60% - 4:02
2 - 0% - 40% - 0:00
PK Defense
1 - 69% - 60% - 2:46
2 - 31% - 40% - 1:16
PK3 Forward
1 - 100% - 60% - 0:14
2 - 0% - 40% - 0:00
PK3 Defense
1 - 100% - 60% - 0:14
2 - 0% - 40% - 0:00
44 Forward
1 - 0% - 60%
2 - 0% - 40%
44 Defense
1 - 0% - 60%
2 - 0% - 40%
Last Minute Offensive - 0:00
Last Minute Defensive - 0:00
Total
Forward - 60:00
Defense - 60:00
|
Play by Play
1st period
0:01 of 1st period - Martin Hanzal wins face-off versus Yan Stastny in neutral zone.
0:06 of 1st period - Wrist shot by Martin Hanzal.
0:06 of 1st period - Stopped by Tobias Stephan without a rebound.
0:07 of 1st period - Martin Hanzal wins face-off versus Yan Stastny in Staline zone.
0:10 of 1st period - Snap shot by Martin Hanzal.
0:10 of 1st period - Stopped by Tobias Stephan with a rebound.
0:58 of 1st period - Eric Godard is hit by Cody Franson and loses puck.
1:34 of 1st period - Cody Franson is hit by Ben Eager and loses puck.
2:09 of 1st period - Brendan Smith is hit by Zac Rinaldo and loses puck.
3:12 of 1st period - Torey Krug is hit by Valeri Bure and loses puck.
4:32 of 1st period - Wrist shot by James Sheppard.
4:32 of 1st period - Stopped by Peter Mannino without a rebound.
4:33 of 1st period - Martin Hanzal wins face-off versus Peter Holland in Scraper zone.
4:33 of 1st period - Martin Hanzal is hit by Peter Holland.
5:13 of 1st period - Snap shot by Brandon Prust.
5:13 of 1st period - Shot Misses the Net.
5:15 of 1st period - Wrist shot by Devin Setoguchi.
5:15 of 1st period - Goal by Devin Setoguchi - Scraper : 0 - Staline : 1.
5:16 of 1st period - Yan Stastny wins face-off versus Martin Hanzal in neutral zone.
5:21 of 1st period - Snap shot by Devin Setoguchi.
5:21 of 1st period - Shot Misses the Net.
5:23 of 1st period - Snap shot by Yan Stastny.
5:23 of 1st period - Shot Misses the Net.
5:59 of 1st period - Slapshot by Brendan Smith.
5:59 of 1st period - Shot Blocked by Mason Raymond.
6:12 of 1st period - Off-side.
6:13 of 1st period - Ben Eager wins face-off versus Zac Rinaldo in neutral zone.
6:24 of 1st period - Wrist shot by Jared Boll.
6:24 of 1st period - Shot Misses the Net.
6:28 of 1st period - Wrist shot by Nick Spaling.
6:28 of 1st period - Shot Blocked by Valeri Bure.
6:30 of 1st period - Snap shot by Theo Peckham.
6:30 of 1st period - Goal by Theo Peckham - Scraper : 0 - Staline : 2.
6:31 of 1st period - Yan Stastny wins face-off versus Martin Hanzal in neutral zone.
6:39 of 1st period - Snap shot by Martin Hanzal.
6:39 of 1st period - Shot Misses the Net.
6:53 of 1st period - Minor Penalty to Martin Hanzal for Roughing.
6:54 of 1st period - Eric Godard wins face-off versus Devin Setoguchi in Scraper zone.
7:05 of 1st period - Wrist shot by Brandon Prust.
7:05 of 1st period - Shot Misses the Net.
7:07 of 1st period - Snap shot by Yan Stastny.
7:07 of 1st period - Stopped by Peter Mannino with a rebound.
7:09 of 1st period - Slapshot by T.J. Fast.
7:09 of 1st period - Goal by T.J. Fast - Scraper : 0 - Staline : 3.
7:10 of 1st period - Andrei Loktionov wins face-off versus Denis Shvidki in neutral zone.
7:12 of 1st period - Cam Janssen and Brendan Smith fight to a draw.
7:12 of 1st period - Penalty to Cam Janssen for Fighting.
7:12 of 1st period - Penalty to Brendan Smith for Fighting.
7:13 of 1st period - Andrei Loktionov wins face-off versus Martin Hanzal in neutral zone.
8:01 of 1st period - Wrist shot by Denis Shvidki.
8:01 of 1st period - Stopped by Tobias Stephan without a rebound.
8:02 of 1st period - Roman Horak wins face-off versus Yan Stastny in Staline zone.
8:11 of 1st period - Backhand shot by Eric Godard.
8:11 of 1st period - Stopped by Tobias Stephan with a rebound.
8:13 of 1st period - Wrist shot by Eric Godard.
8:13 of 1st period - Shot Misses the Net.
8:15 of 1st period - Snap shot by Derek Joslin.
8:15 of 1st period - Stopped by Tobias Stephan with a rebound.
8:17 of 1st period - Wrist shot by Eric Godard.
8:17 of 1st period - Stopped by Tobias Stephan without a rebound.
8:18 of 1st period - Roman Cervenka wins face-off versus Andrei Loktionov in Staline zone.
8:48 of 1st period - Snap shot by Eric Godard.
8:48 of 1st period - Stopped by Tobias Stephan without a rebound.
8:49 of 1st period - Yan Stastny wins face-off versus Roman Horak in Staline zone.
9:08 of 1st period - Wrist shot by Marcus Foligno.
9:08 of 1st period - Shot Misses the Net.
9:42 of 1st period - Snap shot by Martin Hanzal.
9:42 of 1st period - Stopped by Tobias Stephan without a rebound.
9:43 of 1st period - Andrei Loktionov wins face-off versus Evander Kane in Staline zone.
10:15 of 1st period - Slapshot by Ben Eager.
10:15 of 1st period - Stopped by Tobias Stephan with a rebound.
10:18 of 1st period - Icing by Devin Setoguchi.
10:19 of 1st period - Martin Hanzal wins face-off versus Yan Stastny in Staline zone.
10:38 of 1st period - Snap shot by Devin Setoguchi.
10:38 of 1st period - Shot Misses the Net.
10:50 of 1st period - Cody Franson is hit by Ben Eager and loses puck.
10:55 of 1st period - Snap shot by Ben Eager.
10:55 of 1st period - Shot Misses the Net.
10:57 of 1st period - Slapshot by Derek Joslin.
10:57 of 1st period - Stopped by Tobias Stephan with a rebound.
12:20 of 1st period - Stu Bickel is hit by Roman Cervenka and loses puck.
12:40 of 1st period - Icing by Eric Godard.
12:41 of 1st period - Yan Stastny wins face-off versus Denis Shvidki in Scraper zone.
12:42 of 1st period - Wrist shot by Brandon Prust.
12:42 of 1st period - Stopped by Peter Mannino without a rebound.
12:43 of 1st period - Yan Stastny wins face-off versus Martin Hanzal in Scraper zone.
12:45 of 1st period - Joe Finley beats up Stu Bickel.
12:45 of 1st period - Penalty to Stu Bickel for Fighting.
12:45 of 1st period - Penalty to Joe Finley for Fighting.
12:46 of 1st period - Yan Stastny wins face-off versus Martin Hanzal in Scraper zone.
12:51 of 1st period - Snap shot by Brandon Prust.
12:51 of 1st period - Shot Blocked by Derek Joslin.
12:53 of 1st period - Wrist shot by Yan Stastny.
12:53 of 1st period - Stopped by Peter Mannino with a rebound.
12:55 of 1st period - Slapshot by Theo Peckham.
12:55 of 1st period - Stopped by Peter Mannino without a rebound.
12:56 of 1st period - Martin Hanzal wins face-off versus Yan Stastny in Scraper zone.
13:17 of 1st period - Slapshot by Yan Stastny.
13:17 of 1st period - Stopped by Peter Mannino without a rebound.
13:18 of 1st period - Valeri Bure wins face-off versus Andrei Loktionov in Scraper zone.
13:20 of 1st period - Penalty Shot by Ben Eager for Scraper.
13:20 of 1st period - Wrist shot by Ben Eager.
13:20 of 1st period - Shot Misses the Net.
13:21 of 1st period - Roman Cervenka wins face-off versus Andrei Loktionov in Scraper zone.
13:55 of 1st period - Icing by Torey Krug.
13:56 of 1st period - Nick Spaling wins face-off versus Roman Horak in Staline zone.
14:57 of 1st period - Snap shot by Devin Setoguchi.
14:57 of 1st period - Stopped by Peter Mannino without a rebound.
14:58 of 1st period - Roman Horak wins face-off versus Yan Stastny in Scraper zone.
14:58 of 1st period - Roman Horak is hit by Devin Setoguchi.
15:06 of 1st period - Wrist shot by Brandon Prust.
15:06 of 1st period - Stopped by Peter Mannino with a rebound.
15:08 of 1st period - Slapshot by Theo Peckham.
15:08 of 1st period - Shot Misses the Net.
15:10 of 1st period - Snap shot by Brandon Prust.
15:10 of 1st period - Shot Misses the Net.
15:12 of 1st period - Snap shot by Yan Stastny.
15:12 of 1st period - Stopped by Peter Mannino without a rebound.
15:13 of 1st period - Martin Hanzal wins face-off versus Andrei Loktionov in Scraper zone.
15:39 of 1st period - Brendan Smith is hit by Yan Stastny and loses puck.
16:22 of 1st period - James Sheppard is hit by Martin Hanzal and loses puck.
16:44 of 1st period - Cam Janssen is hit by Ilkka Heikkinen and loses puck.
17:03 of 1st period - Wrist shot by Devin Setoguchi.
17:03 of 1st period - Stopped by Peter Mannino with a rebound.
17:51 of 1st period - Snap shot by Cam Janssen.
17:51 of 1st period - Stopped by Peter Mannino without a rebound.
17:52 of 1st period - Martin Hanzal wins face-off versus Yan Stastny in Scraper zone.
17:54 of 1st period - Minor Penalty to Martin Hanzal for High sticking.
17:55 of 1st period - Eric Godard wins face-off versus Yan Stastny in Scraper zone.
17:55 of 1st period - Eric Godard is hit by Yan Stastny.
19:03 of 1st period - Roman Horak is hit by Devin Setoguchi and loses puck.
19:20 of 1st period - Cam Janssen is hit by Brendan Smith and loses puck.
19:54 of 1st period - Penalty to Martin Hanzal is over, Martin Hanzal is back on ice.
19:58 of 1st period - Jared Cowen is hit by Mason Raymond.
Goals for this period are 0 for Scraper vs 3 for Staline.
Shots for this period are 10 for Scraper vs 14 for Staline.
2nd period
0:01 of 2nd period - Martin Hanzal wins face-off versus Yan Stastny in neutral zone.
0:14 of 2nd period - Snap shot by Brandon Prust.
0:14 of 2nd period - Stopped by Peter Mannino with a rebound.
0:16 of 2nd period - Slapshot by Cody Franson.
0:16 of 2nd period - Stopped by Peter Mannino without a rebound.
0:17 of 2nd period - Roman Cervenka wins face-off versus Cam Janssen in Scraper zone.
0:42 of 2nd period - Yan Stastny is hit by Martin Hanzal and loses puck.
1:11 of 2nd period - Snap shot by Eric Godard.
1:11 of 2nd period - Goal by Eric Godard - Scraper : 1 - Staline : 3.
1:12 of 2nd period - Yan Stastny wins face-off versus Denis Shvidki in neutral zone.
1:23 of 2nd period - Snap shot by Evander Kane.
1:23 of 2nd period - Shot Misses the Net.
2:11 of 2nd period - Ilkka Heikkinen is hit by Cody Franson and loses puck.
2:42 of 2nd period - Slapshot by Ilkka Heikkinen.
2:42 of 2nd period - Shot Misses the Net.
2:48 of 2nd period - Snap shot by Valeri Bure.
2:48 of 2nd period - Shot Misses the Net.
2:58 of 2nd period - Snap shot by Yan Stastny.
2:58 of 2nd period - Deflect By Devin Setoguchi.
2:58 of 2nd period - Goal by Devin Setoguchi - Scraper : 1 - Staline : 4.
2:58 of 2nd period - Maxime Ouellet enters game.
2:59 of 2nd period - Mason Raymond wins face-off versus Martin Hanzal in neutral zone.
3:04 of 2nd period - Snap shot by Andrei Loktionov.
3:04 of 2nd period - Stopped by Maxime Ouellet with a rebound.
4:05 of 2nd period - Minor Penalty to Roman Cervenka for Tripping.
4:06 of 2nd period - Andrei Loktionov wins face-off versus Martin Hanzal in Scraper zone.
4:32 of 2nd period - Devin Setoguchi is hit by Valeri Bure and loses puck.
5:44 of 2nd period - Cody Franson is hit by Jared Cowen and loses puck.
6:05 of 2nd period - Penalty to Roman Cervenka is over, Roman Cervenka is back on ice.
6:05 of 2nd period - Icing by Ilkka Heikkinen.
6:06 of 2nd period - Martin Hanzal wins face-off versus Zac Rinaldo in Scraper zone.
6:30 of 2nd period - Roman Cervenka is hit by Torey Krug and loses puck.
6:53 of 2nd period - Snap shot by Ilkka Heikkinen.
6:53 of 2nd period - Stopped by Tobias Stephan with a rebound.
6:55 of 2nd period - Slapshot by Eric Godard.
6:55 of 2nd period - Stopped by Tobias Stephan with a rebound.
6:57 of 2nd period - Slapshot by Ilkka Heikkinen.
6:57 of 2nd period - Stopped by Tobias Stephan with a rebound.
6:59 of 2nd period - Slapshot by Ilkka Heikkinen.
6:59 of 2nd period - Shot Misses the Net.
7:14 of 2nd period - Yan Stastny is hit by Denis Shvidki and loses puck.
7:53 of 2nd period - Snap shot by James Sheppard.
7:53 of 2nd period - Shot Misses the Net.
8:21 of 2nd period - Wrist shot by Yan Stastny.
8:21 of 2nd period - Shot Misses the Net.
8:23 of 2nd period - Wrist shot by Yan Stastny.
8:23 of 2nd period - Stopped by Maxime Ouellet without a rebound.
8:24 of 2nd period - Roman Horak wins face-off versus Devin Setoguchi in Scraper zone.
8:24 of 2nd period - Roman Horak is hit by Brandon Prust.
8:34 of 2nd period - Slapshot by Theo Peckham.
8:34 of 2nd period - Stopped by Maxime Ouellet without a rebound.
8:35 of 2nd period - Andrei Loktionov wins face-off versus Roman Cervenka in Scraper zone.
8:38 of 2nd period - Wrist shot by Andrei Loktionov.
8:38 of 2nd period - Shot Misses the Net.
8:40 of 2nd period - Snap shot by Mason Raymond.
8:40 of 2nd period - Shot Misses the Net.
8:42 of 2nd period - Slapshot by Cody Franson.
8:42 of 2nd period - Shot Blocked by Jared Cowen.
9:00 of 2nd period - Wrist shot by Nick Spaling.
9:00 of 2nd period - Shot Misses the Net.
9:02 of 2nd period - Slapshot by Theo Peckham.
9:02 of 2nd period - Shot Misses the Net.
9:04 of 2nd period - Slapshot by Theo Peckham.
9:04 of 2nd period - Stopped by Maxime Ouellet with a rebound.
9:06 of 2nd period - Slapshot by Stu Bickel.
9:06 of 2nd period - Shot Misses the Net.
9:08 of 2nd period - Slapshot by Stu Bickel.
9:08 of 2nd period - Stopped by Maxime Ouellet with a rebound.
9:10 of 2nd period - Snap shot by Jared Boll.
9:10 of 2nd period - Shot Misses the Net.
9:12 of 2nd period - Wrist shot by Nick Spaling.
9:12 of 2nd period - Stopped by Maxime Ouellet with a rebound.
9:57 of 2nd period - Tyler Cuma is hit by Marcus Foligno and loses puck.
10:34 of 2nd period - Slapshot by T.J. Fast.
10:34 of 2nd period - Stopped by Maxime Ouellet without a rebound.
10:35 of 2nd period - Yan Stastny wins face-off versus Martin Hanzal in Scraper zone.
10:55 of 2nd period - Minor Penalty to Eric Godard for Holding.
10:56 of 2nd period - Derek Joslin wins face-off versus Yan Stastny in Scraper zone.
11:04 of 2nd period - Snap shot by T.J. Fast.
11:04 of 2nd period - Shot Blocked by Martin Hanzal.
11:29 of 2nd period - Icing by Cody Franson.
11:30 of 2nd period - Martin Hanzal wins face-off versus Andrei Loktionov in Staline zone.
11:41 of 2nd period - Slapshot by Cody Franson.
11:41 of 2nd period - Shot Blocked by Nick Leddy.
11:43 of 2nd period - Slapshot by T.J. Fast.
11:43 of 2nd period - Shot Blocked by Nick Leddy.
11:45 of 2nd period - Wrist shot by T.J. Fast.
11:45 of 2nd period - Shot Misses the Net.
11:59 of 2nd period - Slapshot by Andrei Loktionov.
11:59 of 2nd period - Stopped by Maxime Ouellet without a rebound.
12:00 of 2nd period - Martin Hanzal wins face-off versus Devin Setoguchi in Scraper zone.
12:00 of 2nd period - Martin Hanzal is hit by Yan Stastny.
12:12 of 2nd period - Snap shot by Yan Stastny.
12:12 of 2nd period - Stopped by Maxime Ouellet with a rebound.
12:14 of 2nd period - Wrist shot by Brandon Prust.
12:14 of 2nd period - Deflect By Martin Hanzal.
12:14 of 2nd period - Shot Misses the Net.
12:14 of 2nd period - Puck is out of play.
12:15 of 2nd period - Martin Hanzal wins face-off versus Yan Stastny in Scraper zone.
12:15 of 2nd period - Martin Hanzal is hit by Cody Franson.
12:46 of 2nd period - Slapshot by Ilkka Heikkinen.
12:46 of 2nd period - Shot Misses the Net.
12:48 of 2nd period - Wrist shot by Roman Horak.
12:48 of 2nd period - Shot Misses the Net.
12:50 of 2nd period - Wrist shot by Ilkka Heikkinen.
12:50 of 2nd period - Shot Blocked by T.J. Fast.
12:55 of 2nd period - Penalty to Eric Godard is over, Eric Godard is back on ice.
13:02 of 2nd period - Wrist shot by Cody Franson.
13:02 of 2nd period - Deflect By Eric Godard.
13:02 of 2nd period - Stopped by Maxime Ouellet without a rebound.
13:03 of 2nd period - Roman Cervenka wins face-off versus Zac Rinaldo in Scraper zone.
13:17 of 2nd period - Snap shot by Nick Spaling.
13:17 of 2nd period - Shot Misses the Net.
15:01 of 2nd period - Wrist shot by Yan Stastny.
15:01 of 2nd period - Stopped by Maxime Ouellet without a rebound.
15:02 of 2nd period - Ben Eager wins face-off versus Andrei Loktionov in Scraper zone.
15:09 of 2nd period - Snap shot by Valeri Bure.
15:09 of 2nd period - Shot Blocked by Mason Raymond.
15:34 of 2nd period - Snap shot by Yan Stastny.
15:34 of 2nd period - Deflect By Devin Setoguchi.
15:34 of 2nd period - Stopped by Maxime Ouellet without a rebound.
15:35 of 2nd period - Andrei Loktionov wins face-off versus Martin Hanzal in Scraper zone.
15:42 of 2nd period - Wrist shot by Mason Raymond.
15:42 of 2nd period - Shot Misses the Net.
15:44 of 2nd period - Snap shot by Andrei Loktionov.
15:44 of 2nd period - Shot Misses the Net.
15:46 of 2nd period - Wrist shot by Mason Raymond.
15:46 of 2nd period - Shot Blocked by Brendan Smith.
15:53 of 2nd period - Minor Penalty to Martin Hanzal for High sticking.
15:54 of 2nd period - Eric Godard wins face-off versus Yan Stastny in Scraper zone.
16:06 of 2nd period - Slapshot by Yan Stastny.
16:06 of 2nd period - Stopped by Maxime Ouellet with a rebound.
16:08 of 2nd period - Snap shot by Cody Franson.
16:08 of 2nd period - Shot Misses the Net.
16:26 of 2nd period - Slapshot by Andrei Loktionov.
16:26 of 2nd period - Goal by Andrei Loktionov - Scraper : 1 - Staline : 5.
16:27 of 2nd period - Yan Stastny wins face-off versus Martin Hanzal in neutral zone.
16:34 of 2nd period - Slapshot by Cody Franson.
16:34 of 2nd period - Stopped by Maxime Ouellet with a rebound.
16:42 of 2nd period - Wrist shot by Martin Hanzal.
16:42 of 2nd period - Stopped by Tobias Stephan with a rebound.
17:42 of 2nd period - Snap shot by J.T. Wyman.
17:42 of 2nd period - Deflect By Peter Holland.
17:42 of 2nd period - Stopped by Maxime Ouellet without a rebound.
17:43 of 2nd period - Yan Stastny wins face-off versus Roman Horak in Scraper zone.
17:46 of 2nd period - Snap shot by Devin Setoguchi.
17:46 of 2nd period - Stopped by Maxime Ouellet with a rebound.
17:51 of 2nd period - Off-side.
17:52 of 2nd period - Roman Horak wins face-off versus Yan Stastny in neutral zone.
18:01 of 2nd period - Wrist shot by Eric Godard.
18:01 of 2nd period - Shot Misses the Net.
18:11 of 2nd period - Snap shot by Eric Godard.
18:11 of 2nd period - Stopped by Tobias Stephan without a rebound.
18:12 of 2nd period - Martin Hanzal wins face-off versus Andrei Loktionov in Staline zone.
18:19 of 2nd period - Snap shot by Evander Kane.
18:19 of 2nd period - Shot Blocked by Mason Raymond.
18:47 of 2nd period - Off-side.
18:48 of 2nd period - Evander Kane wins face-off versus Andrei Loktionov in neutral zone.
18:51 of 2nd period - T.J. Fast is hit by Denis Shvidki and loses puck.
19:03 of 2nd period - Minor Penalty to Martin Hanzal for Cross-checking.
19:04 of 2nd period - Brandon Prust wins face-off versus Eric Godard in Scraper zone.
19:42 of 2nd period - Slapshot by T.J. Fast.
19:42 of 2nd period - Shot Misses the Net.
19:44 of 2nd period - Slapshot by T.J. Fast.
19:44 of 2nd period - Shot Misses the Net.
19:46 of 2nd period - Wrist shot by Devin Setoguchi.
19:46 of 2nd period - Deflect By Brandon Prust.
19:46 of 2nd period - Stopped by Maxime Ouellet with a rebound.
19:56 of 2nd period - Slapshot by Cody Franson.
19:56 of 2nd period - Shot Blocked by Jared Cowen.
19:58 of 2nd period - Snap shot by Devin Setoguchi.
19:58 of 2nd period - Shot Blocked by Derek Joslin.
Goals for this period are 1 for Scraper vs 2 for Staline.
Shots for this period are 6 for Scraper vs 21 for Staline.
3rd period
0:01 of 3rd period - Yan Stastny wins face-off versus Eric Godard in neutral zone.
0:06 of 3rd period - Slapshot by Yan Stastny.
0:06 of 3rd period - Deflect By Devin Setoguchi.
0:06 of 3rd period - Stopped by Maxime Ouellet with a rebound.
0:08 of 3rd period - Slapshot by T.J. Fast.
0:08 of 3rd period - Goal by T.J. Fast - Scraper : 1 - Staline : 6.
0:09 of 3rd period - Yan Stastny wins face-off versus Evander Kane in neutral zone.
0:34 of 3rd period - Cody Franson is hit by Marcus Foligno and loses puck.
0:43 of 3rd period - Snap shot by Marcus Foligno.
0:43 of 3rd period - Stopped by Tobias Stephan without a rebound.
0:44 of 3rd period - Yan Stastny wins face-off versus Roman Cervenka in Staline zone.
0:46 of 3rd period - Minor Penalty to Devin Setoguchi for Tripping.
0:47 of 3rd period - Yan Stastny wins face-off versus Martin Hanzal in Staline zone.
1:00 of 3rd period - Off-side.
1:01 of 3rd period - Yan Stastny wins face-off versus Evander Kane in neutral zone.
1:04 of 3rd period - Slapshot by Cody Franson.
1:04 of 3rd period - Shot Misses the Net.
1:15 of 3rd period - Slapshot by Brendan Smith.
1:15 of 3rd period - Shot Misses the Net.
1:17 of 3rd period - Wrist shot by Martin Hanzal.
1:17 of 3rd period - Stopped by Tobias Stephan without a rebound.
1:18 of 3rd period - Nick Spaling wins face-off versus Roman Cervenka in Staline zone.
1:33 of 3rd period - Slapshot by Daniel Winnik.
1:33 of 3rd period - Stopped by Tobias Stephan with a rebound.
1:55 of 3rd period - Slapshot by Evander Kane.
1:55 of 3rd period - Shot Blocked by Theo Peckham.
2:17 of 3rd period - Stu Bickel is hit by Evander Kane and loses puck.
2:46 of 3rd period - Penalty to Devin Setoguchi is over, Devin Setoguchi is back on ice.
3:03 of 3rd period - Andrei Loktionov is hit by Roman Horak and loses puck.
3:10 of 3rd period - Marcus Foligno is hit by Mason Raymond and loses puck.
3:21 of 3rd period - Brendan Smith is hit by Jared Boll and loses puck.
4:00 of 3rd period - Minor Penalty to Nick Spaling for Hooking.
4:01 of 3rd period - Devin Setoguchi wins face-off versus Evander Kane in Staline zone.
4:01 of 3rd period - Devin Setoguchi is hit by Derek Joslin.
4:11 of 3rd period - Cody Franson is hit by Brendan Smith and loses puck.
4:18 of 3rd period - Minor Penalty to Yan Stastny for Holding.
4:19 of 3rd period - Martin Hanzal wins face-off versus Devin Setoguchi in Staline zone.
4:32 of 3rd period - Wrist shot by Martin Hanzal.
4:32 of 3rd period - Goal by Martin Hanzal - Scraper : 2 - Staline : 6.
4:33 of 3rd period - Martin Hanzal wins face-off versus Devin Setoguchi in neutral zone.
4:42 of 3rd period - Snap shot by Evander Kane.
4:42 of 3rd period - Deflect By Denis Shvidki.
4:42 of 3rd period - Stopped by Tobias Stephan with a rebound.
4:44 of 3rd period - Slapshot by Denis Shvidki.
4:44 of 3rd period - Shot Misses the Net.
4:46 of 3rd period - Snap shot by Martin Hanzal.
4:46 of 3rd period - Stopped by Tobias Stephan without a rebound.
4:47 of 3rd period - Devin Setoguchi wins face-off versus Martin Hanzal in Staline zone.
6:18 of 3rd period - Penalty to Yan Stastny is over, Yan Stastny is back on ice.
6:30 of 3rd period - Backhand shot by Brendan Smith.
6:30 of 3rd period - Shot Misses the Net.
6:32 of 3rd period - Backhand shot by Roman Horak.
6:32 of 3rd period - Deflect By Eric Godard.
6:32 of 3rd period - Stopped by Tobias Stephan without a rebound.
6:33 of 3rd period - Zac Rinaldo wins face-off versus Roman Horak in Staline zone.
6:40 of 3rd period - Wrist shot by Eric Godard.
6:40 of 3rd period - Shot Misses the Net.
6:46 of 3rd period - Nick Spaling is hit by Roman Horak and loses puck.
6:55 of 3rd period - Roman Horak is hit by Nick Spaling and loses puck.
7:12 of 3rd period - Martin Hanzal is hit by Peter Holland.
7:26 of 3rd period - Jared Cowen is hit by Mason Raymond and loses puck.
8:32 of 3rd period - Wrist shot by Brandon Prust.
8:32 of 3rd period - Deflect By Daniel Winnik.
8:32 of 3rd period - Stopped by Maxime Ouellet with a rebound.
8:34 of 3rd period - Wrist shot by Devin Setoguchi.
8:34 of 3rd period - Shot Misses the Net.
8:36 of 3rd period - Slapshot by T.J. Fast.
8:36 of 3rd period - Stopped by Maxime Ouellet without a rebound.
8:37 of 3rd period - Yan Stastny wins face-off versus Roman Cervenka in Scraper zone.
8:59 of 3rd period - Minor Penalty to Valeri Bure for Holding Stick.
9:00 of 3rd period - Martin Hanzal wins face-off versus Yan Stastny in Scraper zone.
9:08 of 3rd period - Wrist shot by Martin Hanzal.
9:08 of 3rd period - Shot Blocked by Brandon Prust.
9:30 of 3rd period - Slapshot by Jared Cowen.
9:30 of 3rd period - Stopped by Tobias Stephan without a rebound.
9:31 of 3rd period - Andrei Loktionov wins face-off versus Roman Horak in Staline zone.
10:57 of 3rd period - Snap shot by Eric Godard.
10:57 of 3rd period - Stopped by Tobias Stephan with a rebound.
10:59 of 3rd period - Penalty to Valeri Bure is over, Valeri Bure is back on ice.
11:03 of 3rd period - Snap shot by Eric Godard.
11:03 of 3rd period - Stopped by Tobias Stephan without a rebound.
11:04 of 3rd period - Yan Stastny wins face-off versus Roman Cervenka in Staline zone.
11:09 of 3rd period - Devin Setoguchi is hit by Valeri Bure and loses puck.
11:52 of 3rd period - Theo Peckham is hit by Denis Shvidki and loses puck.
11:57 of 3rd period - Snap shot by Evander Kane.
11:57 of 3rd period - Shot Misses the Net.
11:59 of 3rd period - Slapshot by Joe Finley.
11:59 of 3rd period - Deflect By J.T. Wyman.
11:59 of 3rd period - Stopped by Tobias Stephan with a rebound.
12:34 of 3rd period - Snap shot by Jared Boll.
12:34 of 3rd period - Shot Misses the Net.
12:36 of 3rd period - Slapshot by Nick Spaling.
12:36 of 3rd period - Stopped by Maxime Ouellet with a rebound.
15:06 of 3rd period - Snap shot by J.T. Wyman.
15:06 of 3rd period - Shot Misses the Net.
16:10 of 3rd period - Off-side.
16:11 of 3rd period - Martin Hanzal wins face-off versus Zac Rinaldo in neutral zone.
16:24 of 3rd period - Snap shot by Cody Franson.
16:24 of 3rd period - Shot Blocked by Denis Shvidki.
16:26 of 3rd period - Snap shot by Andrei Loktionov.
16:26 of 3rd period - Shot Blocked by Nick Leddy.
16:28 of 3rd period - Backhand shot by Cam Janssen.
16:28 of 3rd period - Stopped by Maxime Ouellet without a rebound.
16:29 of 3rd period - Andrei Loktionov wins face-off versus Roman Cervenka in Scraper zone.
17:02 of 3rd period - Slapshot by Martin Hanzal.
17:02 of 3rd period - Stopped by Tobias Stephan with a rebound.
19:21 of 3rd period - Snap shot by Andrei Loktionov.
19:21 of 3rd period - Shot Misses the Net.
19:23 of 3rd period - Wrist shot by Tyler Cuma.
19:23 of 3rd period - Shot Blocked by Derek Joslin.
Goals for this period are 1 for Scraper vs 1 for Staline.
Shots for this period are 12 for Scraper vs 6 for Staline.
Output by the SimonT Hockey Simulator (STHS) for François Prévost -- Original Page W3C XHTML 1.0 Valid